 Dungeon Crawl Stone Soup version 0.24.0-125-gc4c63601f3 (webtiles) character file.

Game seed: 4558727737779855017, levelgen mode: deterministic

8077 seoul the Grappler (level 11, -5/100 HPs)
             Began as a Troll Venom Mage on Mar 18, 2020.
             Was a High Priest of the Shining One.
             Slain by a gargoyle
             ... wielding a +0 mace
              (19 damage)
             ... on level 8 of the Dungeon.
             The game lasted 00:19:44 (6369 turns).

seoul the Grappler (Troll Venom Mage)               Turns: 6369, Time: 00:19:44

Health: -5/100     AC:  6    Str: 21    XL:     11   Next: 5%
Magic:  20/21      EV: 10    Int: 11    God:    the Shining One [*****.]
Gold:   420        SH:  7    Dex:  8    Spells: 14/24 levels left

rFire    . . .     SeeInvis .     - Unarmed
rCold    . . .     Gourm    +   (no shield)
rNeg     + + .     Faith    .   a - +0 robe
rPois    .         Spirit   .   (helmet restricted)
rElec    .         Reflect  .   p - scarf {cloud immunity}
rCorr    +         Harm     .   (gloves unavailable)
MR       .....                  (boots unavailable)
Stlth    +.........             (no amulet)
HPRegen  0.66/turn              L - ring of resist corrosion
MPRegen  0.17/turn              E - -2 ring of dexterity (curse)

@: divine shield, glowing
A: large, unfitting armour, antennae 1, claws 3, fast metabolism 3, gourmand,
regeneration 1, shaggy fur 1, tough skin 3
a: Divine Shield, Cleansing Flame, Summon Divine Warrior, Renounce Religion


You were on level 8 of the Dungeon.
You worshipped the Shining One.
The Shining One was extremely pleased with you.
You were completely stuffed.

You visited 1 branch of the dungeon, and saw 8 of its levels.
You also visited: Ossuary.

You collected 420 gold pieces.

Inventory:

Missiles
 r - 6 javelins
 B - 14 poisoned darts (quivered)
 I - a throwing net
Armour
 a - a +0 robe (worn)
 p - a scarf of cloud immunity (worn)
Jewellery
 d - an uncursed ring of poison resistance
 E - a cursed -2 ring of dexterity (right claw)
 F - a +2 ring of evasion
 L - a ring of resist corrosion (left claw)
Wands
 w - a wand of clouds (2)
 y - a wand of polymorph (18)
Scrolls
 f - 3 scrolls of teleportation {unknown}
 g - 3 scrolls of fear {unknown}
 j - 2 scrolls of enchant weapon {unknown}
 k - 3 scrolls of remove curse {unknown}
 m - 5 scrolls of magic mapping {unknown}
 q - 5 scrolls of enchant armour {unknown}
 s - a scroll of noise {unknown}
 D - 2 scrolls of holy word {unknown}
 G - 2 scrolls of summoning {unknown}
 H - a scroll of amnesia {unknown}
 J - a scroll of fog {unknown}
 K - a scroll of blinking {unknown}
Potions
 b - 4 potions of curing
 l - a potion of agility
 o - a potion of brilliance
 t - a potion of lignification {unknown}
 u - 3 potions of resistance
 v - 2 potions of magic
 x - a potion of haste {unknown}
 A - 2 potions of flight
 C - a potion of might {unknown}
Comestibles
 c - 23 rations
 h - 3 chunks of flesh


   Skills:
 * Level 4.0 Fighting
 - Level 0.9 Throwing
 - Level 1.7 Dodging
 - Level 1.0 Stealth
 + Level 9.2 Unarmed Combat
 - Level 7.3 Spellcasting
 - Level 3.0 Conjurations
 - Level 2.9 Air Magic
 - Level 4.5 Poison Magic
 * Level 2.1 Invocations


You had 14 spell levels left.
You knew the following spells:

 Your Spells              Type           Power        Failure   Level  Hunger
a - Sting                 Conj/Pois      ##..         3%          1    None
b - Poisonous Vapours     Pois/Air       ##....       5%          2    #......
c - Mephitic Cloud        Conj/Pois/Air  ##......     12%         3    ###....
d - Olgreb's Toxic Radia  Pois           ##......     26%         4    ####...

Your spell library contained the following spells:

 Spells                   Type           Power        Failure   Level  Hunger
 Confusing Touch          Hex            #.....       17%         1    None
 Confuse                  Hex            #.......     45%         3    ###....
 Gell's Gravitas          Tloc           #.........   45%         3    ###....
 Venom Bolt               Conj/Pois      ##........   69%         5    ######.
 Petrify                  Tmut/Erth      #.......     86%         4    ####...
 Metabolic Englaciation   Hex/Ice        #.........   99%         5    ######.
 Yara's Violent Unravell  Hex/Tmut       #.........   99%         5    ######.


Dungeon Overview and Level Annotations

Branches:
Dungeon (8/15)             Temple (0/1) D:5         Ossuary (visited)
   Lair: D:8-11

Altars:
Cheibriados
Elyvilon
Fedhas
Hepliaklqana
Kikubaaqudgha
Nemelex Xobeh
Okawaru
Qazlal
Vehumet
Wu Jian
Yredelemnul
The Shining One

Annotations:
D:4 exclusion: oklob plant


Innate Abilities, Weirdness & Mutations

You are too large for most types of armour.
You have claws for hands.
Your metabolism is lightning-fast.
You like to eat raw meat.
Your natural rate of healing is unusually fast.
You are covered in fur. (AC +1)
You have extremely tough skin. (AC +3)
You have a pair of small antennae on your head.


Message History

The gargoyle is heavily damaged.
The gargoyle hurls a stone arrow at you.
The stone arrow hits you!
* * * LOW HITPOINT WARNING * * *
Okay, then.
You scratch the gargoyle but do no damage.
The gargoyle is heavily damaged.
The gargoyle hits you with a +0 mace!
* * * LOW HITPOINT WARNING * * *
You feel better.
The gargoyle hits you but does no damage.
You scratch the gargoyle but do no damage.
The gargoyle is heavily damaged.
You scratch the gargoyle.
The gargoyle is severely damaged.
The gargoyle closely misses you.
You claw the gargoyle!
The gargoyle is almost destroyed.
The gargoyle hits you with a +0 mace!!
You die...

#. # #.. #.##
.###..# ....#
......# #...##
#....#
#.§...##...#
#§§§......####
#§☼§9@........
#§§§......###
##........#
#..####..# #.#
##.## #.# #..#
####.. ##.#
..... #.######
..>. #..##..#


You could see a gargoyle.

Vanquished Creatures
  A hungry ghost (D:7)
  Grum (D:8)
  Edmund (D:4)
  A water moccasin (D:6)
  5 orc warriors
  2 ice beasts
  4 phantoms
  A necrophage (D:8)
  4 wolves
  3 ogres
  3 centaurs
  An elf zombie (Ossuary)
  3 bullfrogs
  A scorpion (D:4)
  4 wights (D:7)
  10 howler monkeys
  5 centaur zombies (Ossuary)
  5 orc priests
  An iron imp (D:5)
  3 hounds
  3 human zombies (Ossuary)
  6 orc wizards
  2 iguanas
  Ijyb (D:3)
  6 worker ants
  A big kobold zombie (Ossuary)
  2 hound zombies (Ossuary)
  A hound skeleton (D:4)
  A howler monkey zombie (D:7)
  3 mummies (Ossuary)
  A worker ant zombie (D:7)
  7 adders
  6 gnolls
  A howler monkey skeleton (D:7)
  2 shadow imps
  An ooze (D:5)
  5 adder zombies
  2 adder skeletons
  2 worms (D:4)
  5 dart slugs
  6 leopard geckos
  31 orcs
  6 bats
  4 giant cockroaches
  A gnoll zombie (Ossuary)
  5 goblins
  8 hobgoblins
  5 jackals
  5 quokkas
  5 ball pythons
  2 frilled lizards
  3 goblin zombies (Ossuary)
  2 hobgoblin zombies (Ossuary)
  A jackal zombie (Ossuary)
  7 kobolds
  6 kobold zombies (Ossuary)
  3 quokka zombies (Ossuary)
  6 rats
  2 rat zombies (Ossuary)
  A spectral orc (D:3)
226 creatures vanquished.

Vanquished Creatures (others)
  A worker ant zombie (D:7)
1 creature vanquished.

Grand Total: 227 creatures vanquished

Notes
Turn   | Place    | Note
-------+----------+-------------------------------------------
     0 | D:1      | seoul the Troll Venom Mage began the quest for the Orb.
     0 | D:1      | Reached XP level 1. HP: 16/16 MP: 1/1
   202 | D:1      | Reached XP level 2. HP: 24/24 MP: 3/3
   206 | D:1      | Learned a level 2 spell: Poisonous Vapours
   856 | D:2      | Found a radiant altar of Vehumet.
   875 | D:2      | Reached skill level 1 in Unarmed Combat
   875 | D:2      | Reached XP level 3. HP: 28/31 MP: 4/4
   876 | D:2      | Found an ornate altar of the Wu Jian Council.
   967 | D:2      | Found a glowing golden altar of the Shining One.
   967 | D:2      | Found a sparkling altar of Nemelex Xobeh.
   974 | D:2      | Found an iron altar of Okawaru.
   976 | D:2      | Found a hazy altar of Hepliaklqana.
   979 | D:2      | Found a faded altar of an unknown god.
   985 | D:2      | Became a worshipper of the Shining One
  1260 | D:2      | Reached XP level 4. HP: 37/39 MP: 5/5
  1326 | D:2      | Learned a level 3 spell: Mephitic Cloud
  1427 | D:2      | Reached skill level 1 in Conjurations
  1907 | D:3      | Found a basalt altar of Yredelemnul.
  1957 | D:3      | Reached skill level 2 in Unarmed Combat
  1957 | D:3      | Reached XP level 5. HP: 15/45 MP: 6/6
  2365 | D:3      | Noticed Ijyb
  2378 | D:3      | Killed Ijyb
  2833 | D:4      | Reached * piety under the Shining One
  2842 | D:4      | Reached skill level 3 in Unarmed Combat
  2842 | D:4      | Reached XP level 6. HP: 47/54 MP: 7/7
  2903 | D:4      | Reached skill level 1 in Air Magic
  2922 | D:4      | Reached skill level 1 in Fighting
  3005 | D:4      | Noticed Edmund
  3018 | D:4      | Killed Edmund
  3018 | D:4      | Reached skill level 4 in Unarmed Combat
  3018 | D:4      | Reached XP level 7. HP: 43/62 MP: 9/9
  3383 | D:4      | Found a blossoming altar of Fedhas.
  3394 | D:4      | Noticed an oklob plant
  3532 | D:5      | Entered Level 5 of the Dungeon
  3532 | D:5      | Found a sand-covered staircase.
  3537 | Ossuary  | Entered an ossuary
  3563 | Ossuary  | Reached ** piety under the Shining One
  3599 | Ossuary  | Reached skill level 5 in Unarmed Combat
  3656 | Ossuary  | Reached *** piety under the Shining One
  3710 | Ossuary  | Reached XP level 8. HP: 55/71 MP: 10/10
  3762 | Ossuary  | Reached **** piety under the Shining One
  3879 | D:5      | Reached skill level 6 in Unarmed Combat
  3964 | D:5      | Found a stormy altar of Qazlal.
  4125 | D:5      | Found a snail-covered altar of Cheibriados.
  4247 | D:5      | Found a staircase to the Ecumenical Temple.
  4538 | D:5      | Reached skill level 7 in Unarmed Combat
  4729 | D:6      | Reached XP level 9. HP: 73/80 MP: 12/12
  4976 | D:6      | Found a white marble altar of Elyvilon.
  5172 | D:6      | Learned a level 4 spell: Olgreb's Toxic Radiance
  5426 | D:7      | Found a stormy altar of Qazlal.
  5592 | D:7      | Reached ***** piety under the Shining One
  5615 | D:7      | Reached skill level 8 in Unarmed Combat
  5731 | D:7      | Reached skill level 1 in Invocations
  5797 | D:7      | Reached XP level 10. HP: 68/92 MP: 13/20
  5799 | D:7      | Gained mutation: You are dopey. (Int -2) [potion of
                  | mutation]
  5799 | D:7      | Gained mutation: You are partially covered in thin metallic
                  | scales. (AC +2) [potion of mutation]
  5799 | D:7      | Gained mutation: You have a pair of small antennae on your
                  | head. [potion of mutation]
  5800 | D:7      | Lost mutation: You are partially covered in thin metallic
                  | scales. (AC +2) [potion of mutation]
  5800 | D:7      | Lost mutation: You are dopey. (Int -2) [potion of mutation]
  5800 | D:7      | Gained mutation: You expend magic power (3 MP) to
                  | strengthen your wands. [potion of mutation]
  5800 | D:7      | Lost mutation: You expend magic power (3 MP) to strengthen
                  | your wands. [potion of mutation]
  5800 | D:7      | Gained mutation: You evolve. [potion of mutation]
  6037 | D:8      | Found a blossoming altar of Fedhas.
  6039 | D:8      | Found an ancient bone altar of Kikubaaqudgha.
  6049 | D:8      | Noticed Grum
  6051 | D:8      | Reached skill level 9 in Unarmed Combat
  6093 | D:7      | Reached XP level 11. HP: 11/98 MP: 15/21
  6271 | D:8      | Killed Grum
  6360 | D:8      | Lost mutation: You evolve. [evolution]
  6369 | D:8      | Slain by a gargoyle

Levels and vault maps discovered:
D:1:      shiori_arrival_oz, layout_loops_ring
D:2:      layout_loops_ring, nicolae_overflow_hidden_temple,
          chequers_temple_overflow_minitemple, minmay_shallow_snake_nest
D:3:      layout_basic, yredelemnul_forgotten_temple_becter, first_ration,
          wad_orctagon, uniq_ijyb
D:4:      layout_basic, tgw_fedhas, uniq_edmund
D:5:      layout_layer_cave, nicolae_overflow_crystal_walls, slow_altar_1,
          temple_hall, serial_glass, glass_columns_c, glass_columns_b,
          enter_ossuary_3
D:6:      layout_rooms, elyvilon_altar_1
D:7:      layout_loops_ring, grunt_ogre_cave, chequers_serial_rivers_micro_d,
          grunt_qazlal_clouds
D:8:      layout_layer_cave, grunt_temple_overflow_growth_and_decay, uniq_grum,
          uniq_maurice

Skill      XL: |  1  2  3  4  5  6  7  8  9 10 11 |
---------------+----------------------------------+-----
Unarmed Combat | 1 2 3 4 5 7 8 9 |  9.2
Poison Magic   | 3 4 |  4.5
Conjurations   | 1 2 3 |  3.0
Air Magic      | 1 2 |  2.9
Spellcasting   | 2 3 7 |  7.3
Fighting       | 1 2 3 4 |  4.0
Invocations    | 1 2 |  2.1
Throwing       | |  0.9
Dodging        | |  1.7
Stealth        | |  1.0

Action                   |  1- 3 |  4- 6 |  7- 9 | 10-12 || total
-------------------------+-------+-------+-------+-------++-------
Melee: Unarmed           |    95 |   203 |   354 |    86 ||   738
       Punch             |       |     3 |     8 |     4 ||    15
Throw: Dart              |       |       |    11 |       ||    11
 Cast: Poisonous Vapours |       |       |    25 |     2 ||    27
       Mephitic Cloud    |       |       |       |     2 ||     2
Invok: Divine Shield     |       |       |       |     2 ||     2
Evoke: Wand              |       |       |       |     2 ||     2
  Use: Potion            |       |     1 |     1 |     7 ||     9
       Scroll            |       |       |     9 |       ||     9
 Stab: Sleeping          |     1 |       |       |       ||     1
  Eat: Chunk             |    17 |    16 |    33 |     7 ||    73
Armor: Robe              |    41 |    77 |    77 |    21 ||   216
Dodge: Dodged            |    57 |   139 |   169 |    58 ||   423
Block: Other             |       |       |       |     5 ||     5
